 Dungeon Crawl Stone Soup version 0.31-a0-1537-g69dc257577 (webtiles) character file.

Game seed: 8652773186060401200

2002 Descartes the Geomancer (level 9, -10/57 HPs)
             Began as a Formicid Earth Elementalist on Jan 1, 2024.
             Was an Initiate of Gozag.
             Mangled by Pikel
             ... wielding a +1 whip of electrocution
              (14 damage)
             ... on level 8 of the Dungeon.
             The game lasted 00:12:24 (7089 turns).

Descartes the Geomancer (FoEE)                      Turns: 7089, Time: 00:12:25

Health: -10/57     AC:  3    Str: 18    XL:     9   Next: 45%
Magic:  8/12       EV: 12    Int: 14    God:    Gozag
Gold:   568        SH:  0    Dex: 14    Spells: 11/12 levels left

rFire   . . .        y - +3 quarterstaff (chaos)
rCold   . . .        (no shield)
rNeg    . . .        a - +0 robe
rPois   .            (helmet unavailable)
rElec   .            z - +0 cloak
rCorr   .            (no gloves)
SInv    +            (no boots)
Will    .....        (no amulet)
Stlth   ++           (no ring)
HPRegen 0.29/turn    (no ring)
MPRegen 0.13/turn

%: no passive effects
@: gold aura
A: permanent stasis, dig shafts and tunnels, antennae 3, four strong arms
a: Dig, Shaft Self, Renounce Religion, Potion Petition, Call Merchant, Bribe
Branch


You were on level 8 of the Dungeon.
You worshipped Gozag.
Gozag was pleased with you.
You visited 2 branches of the dungeon, and saw 9 of its levels.

You collected 709 gold pieces.
You paid 141 gold pieces to Gozag.

Inventory:

Hand Weapons
 g - a +0 mace
 m - a +2 heavy mace
 y - a +3 quarterstaff of chaos (weapon)
 A - a +2 whip of pain
Missiles
 p - 38 poisoned darts
 s - 4 darts of dispersal
 C - 3 boomerangs
Armour
 a - a +0 robe (worn)
 q - a +0 chain mail
 z - a +0 cloak (worn)
Jewellery
 x - a ring of flight
Wands
 n - a wand of polymorph (12)
Scrolls
 c - 10 scrolls of teleportation {unknown}
 f - a scroll of poison {unknown}
 h - a scroll of blinking {unknown}
 i - a scroll of immolation {unknown}
 k - 8 scrolls of identify {unknown}
 o - 2 scrolls of noise {unknown}
 v - a scroll of acquirement {unknown}
 w - 2 scrolls of amnesia {unknown}
 B - 2 scrolls of silence {unknown}
Potions
 b - a potion of magic
 d - 2 potions of curing
 e - 4 potions of brilliance {unknown}
 j - a potion of haste {unknown}
 l - a potion of might {unknown}
 r - a potion of cancellation {unknown}
 t - a potion of lignification {unknown}
 u - a potion of attraction {unknown}
 D - a potion of heal wounds {unknown}


   Skills:
 - Level 1.7 Dodging
 - Level 2.4 Stealth
 - Level 2.1 Spellcasting
 - Level 0.8 Conjurations
 + Level 14.3 Earth Magic


You had 11 spell levels left.
You knew the following spells:

 Your Spells              Type           Power      Damage    Failure   Level
a - Sandblast             Erth           82%        2d17      1%          1

Your spell library contained the following spells:

 Spells                   Type           Power      Damage    Failure   Level
 Passwall                 Erth           41%        N/A       1%          3
 Stone Arrow              Conj/Erth      44%        3d9       3%          3
 Brom's Barrelling Bould  Conj/Erth      22%        2d4       11%         4
 Petrify                  Alch/Erth      21%        N/A       12%         4
 Magic Dart               Conj           12%        1d3       17%         1
 Kiss of Death            Conj/Necr      8%         2d6       21%         1
 Apportation              Tloc           2%         N/A       24%         1
 Searing Ray              Conj           6%         2d4       26%         2
 Jinxbite                 Hex            2%         N/A       34%         2
 Confusing Touch          Hex            1%         N/A       56%         3
 Fugue of the Fallen      Necr           1%         N/A       56%         3
 Ozocubu's Armour         Ice            1%         N/A       56%         3
 Fulminant Prism          Conj/Alch      1%         3d5       89%         4
 Dispel Undead            Necr           1%         3d6       93%         4
 Manifold Assault         Tloc           1%         N/A       93%         4
 Alistair's Intoxication  Alch           0%         N/A       100%        5


Dungeon Overview and Level Annotations

Branches:
Dungeon (8/15)             Temple (1/1) D:7
   Lair: D:8-11

Altars:
Ashenzari
Elyvilon
Gozag
Hepliaklqana
Kikubaaqudgha
Makhleb
Okawaru
Qazlal
Ru
Sif Muna
Uskayaw
Vehumet
Wu Jian
Yredelemnul
Zin
The Shining One

Annotations:
D:3 3 runed translucent doors, ZotIsNOTReal's ghost, amateur OpSh
D:7 1 runed translucent door, koorschki's ghost, novice DsFi
D:8 Pikel


Innate Abilities, Weirdness & Mutations

You cannot be hasted, slowed, berserked, paralysed or teleported.
You can dig through walls and to a lower floor.
You have a pair of large antennae on your head. (SInv)
Your four strong arms can wield two-handed weapons with a shield.


Message History

The blast of sand misses the lemure.
The lemure hits you. The wyvern bites you!
Casting: Sandblast (safe; 1% risk of failure)
Confirm with . or Enter, or press ? or * to list all spells.
Aiming: Sandblast (safe; 1% risk of failure)
Press: ? - help, Shift-Dir - straight line, f/p - lemure
Aim: a lemure (moderately wounded, 81% to hit)
The blast of sand hits the lemure!!
You kill the lemure!
That felt strangely unrewarding.
The wyvern bites you! The wyvern closely misses you.
Casting: Sandblast (safe; 1% risk of failure)
Confirm with . or Enter, or press ? or * to list all spells.
Aiming: Sandblast (safe; 1% risk of failure)
Press: ? - help, Shift-Dir - straight line, f - wyvern
Aim: a wyvern (85% to hit)
The blast of sand hits the wyvern!!
The wyvern is almost dead.
The wyvern bites you! The wyvern barely misses you.
Casting: Sandblast (safe; 1% risk of failure)
Confirm with . or Enter, or press ? or * to list all spells.
Aiming: Sandblast (safe; 1% risk of failure)
Press: ? - help, Shift-Dir - straight line, f/p - wyvern
Aim: a wyvern (almost dead, 85% to hit)
The blast of sand hits the wyvern!!
You kill the wyvern!
Pikel hits you with a +1 whip of electrocution. x2
* * * LOW HITPOINT WARNING * * *
You feel better.
Pikel hits you with a +1 whip of electrocution!
* * * LOW HITPOINT WARNING * * *
You closely miss Pikel. Pikel barely misses you.
The lemure shouts!
You hit Pikel.
Pikel is lightly wounded.
Pikel hits you with a +1 whip of electrocution.
* * * LOW HITPOINT WARNING * * *
You are electrocuted!
You die...
Pikel says, "Another soul for the market."
Your body crumbles into a pile of gold.

....... 5[.....
....... .....
#####....
##......#+#.#
#.$.$K>......
#....@....#
+.......###
#.......# ....
###.......###......
#..........$......#
#.##.###.#####....##
# ...#.......#......
.#..#.......#....# #
#.####...####...#


You could see Pikel and a lemure.

Vanquished Creatures
  A manticore (D:7)
  A wyvern (D:8)
  An orc warrior (D:7)
  2 black bears (D:6)
  2 ogres
  3 lemures (D:8)
  3 kobold brigands
  2 scorpions
  A howler monkey (D:6)
  A gnoll bouda (D:6)
  4 orc priests (D:6)
  Crazy Yiuf (D:5)
  2 bombardier beetles
  4 hounds
  3 iguanas
  2 orc wizards (D:6)
  3 gnolls (D:6)
  3 adders
  3 white imps
  4 dart slugs
  A ribbon worm (D:2)
  11 orcs
  6 endoplasms
  A giant cockroach (D:3)
  9 goblins
  8 hobgoblins
  4 jackals
  13 kobolds
  2 quokkas
  6 ball pythons
  4 bats
  5 frilled lizards
  5 rats
121 creatures vanquished.

Notes
Turn   | Place    | Note
-------+----------+-------------------------------------------
     0 | D:1      | Descartes the Formicid Earth Elementalist began the quest
                  | for the Orb.
     0 | D:1      | Reached XP level 1. HP: 13/13 MP: 3/3
   165 | D:1      | Reached skill level 4 in Earth Magic
   281 | D:1      | Reached XP level 2. HP: 19/19 MP: 3/5
   731 | D:1      | Reached XP level 3. HP: 24/24 MP: 3/6
  1107 | D:2      | Reached skill level 5 in Earth Magic
  1213 | D:2      | Found a glowing golden altar of the Shining One.
  1372 | D:2      | Identified the +0 chain mail of Mope {Will+}
  1916 | D:2      | Reached XP level 4. HP: 30/30 MP: 5/7
  2238 | D:3      | Reached skill level 6 in Earth Magic
  2444 | D:3      | Found a runed translucent gate.
  2445 | D:3      | Found a runed translucent gate.
  2445 | D:3      | Found a runed translucent gate.
  2445 | D:3      | Noticed ZotIsNOTReal's ghost (amateur OpSh)
  2603 | D:3      | Found a glowing silver altar of Zin.
  2848 | D:4      | Reached XP level 5. HP: 31/35 MP: 4/8
  3042 | D:4      | Reached skill level 7 in Earth Magic
  3474 | D:4      | Reached XP level 6. HP: 29/41 MP: 3/9
  3610 | D:4      | Found an ancient bone altar of Kikubaaqudgha.
  3696 | D:4      | Noticed an ogre
  3701 | D:4      | Killed an ogre
  3702 | D:4      | Reached skill level 8 in Earth Magic
  3794 | D:5      | Entered Level 5 of the Dungeon
  3814 | D:5      | Found a glowing golden altar of the Shining One.
  4148 | D:5      | Reached skill level 9 in Earth Magic
  4148 | D:5      | Reached XP level 7. HP: 23/46 MP: 4/10
  4291 | D:5      | Found an ornate altar of the Wu Jian Council.
  4356 | D:5      | Found a runed translucent door.
  4357 | D:5      | Noticed Crazy Yiuf
  4474 | D:5      | Killed Crazy Yiuf
  4922 | D:6      | Reached skill level 10 in Earth Magic
  5112 | D:6      | Reached XP level 8. HP: 52/52 MP: 8/11
  5184 | D:6      | Found an opulent altar of Gozag.
  5198 | D:6      | Reached skill level 11 in Earth Magic
  5200 | D:6      | Became a worshipper of Gozag Ym Sagoz the Greedy
  5552 | D:6      | Reached skill level 12 in Earth Magic
  5633 | D:6      | Found a stormy altar of Qazlal.
  6066 | D:7      | Found a runed translucent door.
  6066 | D:7      | Noticed koorschki's ghost (novice DsFi)
  6239 | D:7      | Found a white marble altar of Elyvilon.
  6297 | D:7      | Identified the +3 war axe "Zeakh" {protect, Will+ Str+6
                  | Int+4}
  6375 | D:7      | Noticed a manticore
  6385 | D:7      | Killed a manticore
  6386 | D:7      | Reached skill level 13 in Earth Magic
  6386 | D:7      | Reached XP level 9. HP: 8/57 MP: 7/12
  6564 | D:7      | Found a staircase to the Ecumenical Temple.
  6572 | Temple   | Entered the Ecumenical Temple
  6906 | D:8      | Found a sacrificial altar of Ru.
  6921 | D:8      | Reached skill level 14 in Earth Magic
  7081 | D:8      | Noticed Pikel
  7089 | D:8      | Mangled by Pikel

Illustrated notes

Levels and vault maps discovered:
D:1:      beargit_arrival_diablo_church, layout_basic
D:2:      layout_loops_ring, basic_altar, grunt_decor_clamped
D:3:      layout_basic, nicolae_overflow_crystal_walls, gammafunk_ghost_split
D:4:      layout_basic, general_overflow_altar
D:5:      layout_cave_pools, tso_metal_star, nzn_wu_jian_contemplation,
          grunt_decor_arrowhead, uniq_crazy_yiuf_cottage
D:6:      layout_basic, mainiacjoe_overflow_alcove_1, mainiacjoe_overflow_paths
D:7:      layout_layer_cave, nicolae_elyvilon_peaceful_grove,
          minmay_temple_entry_statues_pillars, gammafunk_ghost_grave
D:8:      layout_basic, mainiacjoe_overflow_tiny_flanked, hangedman_ru_absence,
          minmay_manual_mess, uniq_pikel
Temple:   hellmonk_temple_of_storms

Skill      XL: |  1  2  3  4  5  6  7  8  9 |
---------------+----------------------------+-----
Earth Magic    | 4 5 6 7 9 10 13 14 | 14.3
Dodging        | |  1.7
Stealth        | |  2.4
Spellcasting   | |  2.1
Conjurations   | |  0.8

Action                     |  1- 3 |  4- 6 |  7- 9 || total
---------------------------+-------+-------+-------++-------
  Melee: Mace              |     4 |       |       ||     4
         Quarterstaff      |       |       |     5 ||     5
   Cast: Sandblast         |    49 |    74 |    99 ||   222
    Use: Potion            |       |       |     2 ||     2
 Armour: Robe              |     9 |    24 |    59 ||    92
  Dodge: Dodged            |     6 |    27 |    50 ||    83

Table legend: (Time is in decaauts)
 A = Elapsed time spent in this place.
 B = Non-inter-level travel time spent in this place.
 C = Inter-level travel time spent in this place.
 D = Time resting spent in this place.
 E = Time spent auto-exploring this place.
 F = Levels seen in this place.
 G = Mean time per level.
                   A        B        C        D        E       F      G
               +--------+--------+--------+--------+--------+-----+--------+
         Total |   7201 |   7033 |    168 |      0 |   6170 |   9 |  800.1 |
       Dungeon |   7199 |   7031 |    168 |      0 |   6170 |   8 |  899.9 |
        Temple |      1 |      1 |      0 |      0 |      0 |   1 |    1.0 |
               +--------+--------+--------+--------+--------+-----+--------+

Top non-repeatable levels by time:
     D:7: 1226 daAuts
     D:6: 1116 daAuts
     D:1: 1113 daAuts
     D:4: 1036 daAuts
     D:2: 978 daAuts
     D:5: 841 daAuts
     D:3: 716 daAuts
     D:8: 171 daAuts
  Temple: 1 daAuts
